 Dungeon Crawl Stone Soup version 0.29.1-1-gd02db6906a (webtiles) character file.

Game seed: 14044369640121565885

347 Earthwalker the Conjurer (level 6, 0/37 (41) HPs)
             Began as a Human Conjurer on Oct 4, 2022.
             Slain by an orc
             ... wielding a +0 short sword
              (3 damage)
             ... on level 3 of the Dungeon.
             The game lasted 00:21:02 (4284 turns).

Earthwalker the Conjurer (Human Conjurer)           Turns: 4284, Time: 00:21:02

HP:   0/37 (41)     AC:  3    Str:  7    XL:     6   Next: 90%
MP:   5/11          EV: 16    Int: 19    God:
Gold: 163           SH:  0    Dex: 13    Spells: 11/12 levels left

rFire   . . .      SeeInvis .   h - +0 quarterstaff (drain)
rCold   . . .      Faith    .   (shield currently unavailable)
rNeg    . . .      Spirit   .   a - +0 robe
rPois   .          Reflect  .   (no helmet)
rElec   .          Harm     .   (no cloak)
rCorr   .          Rampage  .   f - +0 pair of gloves
Will    .....                   (no boots)
Stlth   ++........              (no amulet)
HPRegen 0.12/turn               o - +4 ring of evasion
MPRegen 0.12/turn               (no ring)

@: flying, drained
A: no striking features
a: no special abilities


You were on level 3 of the Dungeon.
You visited 1 branch of the dungeon, and saw 5 of its levels.

You collected 163 gold pieces.

Inventory:

Hand Weapons
 c - a +0 dagger
 h - a +0 quarterstaff of draining (weapon)
 t - a +1 vorpal falchion
Armour
 a - a +0 robe (worn)
 f - a +0 pair of gloves (worn)
Magical Staves
 j - a staff of earth
 m - a staff of fire
Jewellery
 o - a +4 ring of evasion (left hand)
 s - the ring of Maryeh {*Corrode Fly rN+++ Str+9 Dex-4}
   (You found it on level 3 of the Dungeon)

   [ring of flight]

   Str:       It affects your strength (+9).
   Dex:       It affects your dexterity (-4).
   rN:        It renders you almost immune to negative energy.
   Fly:       It grants you flight.
   *Corrode:  It may corrode you when you take damage.
Wands
 i - a wand of roots (9)
Scrolls
 e - a scroll of enchant armour
 k - 2 scrolls of immolation
 r - 7 scrolls of identify
 u - a scroll of noise {unknown}
Potions
 b - a potion of magic
 d - a potion of ambrosia {unknown}
 g - a potion of might {unknown}
 l - a potion of mutation {unknown}
 n - a potion of flight
 p - a potion of haste {unknown}
 q - 2 potions of curing {unknown}
 v - a potion of berserk rage {unknown}


   Skills:
 + Level 0.3 Fighting
 + Level 0.7 Staves
 + Level 2.6 Dodging
 + Level 2.5 Stealth
 + Level 0.2 Unarmed Combat
 + Level 3.9 Spellcasting
 + Level 6.0 Conjurations


You had 11 spell levels left.
You knew the following spells:

 Your Spells              Type           Power      Damage    Failure   Level
a - Magic Dart            Conj           100%       1d8       1%          1

Your spell library contained the following spells:

 Spells                   Type           Power      Damage    Failure   Level
 Searing Ray              Conj           52%        2d6       1%          2
 Foxfire                  Conj/Fire      60%        2x1d7     4%          1
 Conjure Flame            Conj/Fire      15%        6-21      12%         3
 Dazzling Flash           Conj/Hex       30%        N/A       12%         3
 Sting                    Tmut/Pois      12%        1d3       14%         1
 Flame Wave               Conj/Fire      15%        2d7       36%         4
 Fulminant Prism          Conj/Hex       7%         3d7       36%         4
 Iskenderun's Mystic Bla  Conj/Tloc      15%        2d5       36%         4
 Inner Flame              Hex/Fire       3%         N/A       38%         3
 Swiftness                Air            3%         N/A       38%         3
 Cause Fear               Hex            1%         N/A       80%         4
 Corpse Rot               Necr/Pois/Air  3%         N/A       80%         4
 Dragon Form              Tmut           1%         N/A       100%        7
 Maxwell's Capacitive Co  Air            1%         ∞         100%        8
 Dragon's Call            Summ           1%         N/A       100%        9


Dungeon Overview and Level Annotations

Branches:
Dungeon (5/15)
 Temple: D:4-7

Altars:
Okawaru
Wu Jian
Zin


Message History

You climb upwards.
The orc shouts!
The orc misses you. The orc hits you with a +0 short sword.
There is a stone staircase leading down here.
The orc attacks as you move away! The orc barely misses you.
The necrophage attacks as you move away!
The necrophage hits you.
You feel drained. The orc attacks as you move away! The orc closely misses you.
The orc attacks as you move away! The orc hits you with a +0 short sword.
The orc attacks as you move away! The orc closely misses you.
The necrophage attacks as you move away!
The necrophage barely misses you. The orc barely misses you.
The necrophage attacks as you move away!
The necrophage hits you but does no damage.
The necrophage attacks as you move away!
The necrophage barely misses you.
The orc priest shouts!
The orc attacks as you move away! The orc hits you with a +0 short sword.
The necrophage attacks as you move away!
The necrophage hits you.
* * * LOW HITPOINT WARNING * * *
You feel drained.
* * * LOW HITPOINT WARNING * * *
The necrophage attacks as you move away!
The necrophage closely misses you. The orc attacks as you move away!
The orc misses you. The orc attacks as you move away!
The orc closely misses you. The orc attacks as you move away!
The orc completely misses you.
There is a stone staircase leading up here.
The orc priest calls down the wrath of Beogh upon you.
Beogh smites you!
* * * LOW HITPOINT WARNING * * *
The orc completely misses you. The orc barely misses you.
The necrophage barely misses you.
You climb upwards.
There is a stone staircase leading down here.
It was a potion of flight.
You feel very buoyant.
You fly up into the air.
The orc hits you with a +0 short sword.
You die...

#.......#
#....#.##.## #.
#.......#
#..###.#...###.
####.#### #..#
#...#..... #.#
#..# ###...####
#.# #..######.##
#.# #.........#
#.# #.#########
#.######.##
#...o@n...#
########..#####
#..#...########
#..............
##.............
####............#
#...........###..
#.##.#.<......#.#
#.##......#.#.#..


You could see a necrophage and an orc.

Vanquished Creatures
  A phantom (D:3)
  A bullfrog (D:5)
  A scorpion (D:4)
  An orc priest (D:3)
  3 adders
  2 worms
  2 dart slugs
  11 orcs
  9 ball pythons
  3 bats
  6 endoplasms
  A giant cockroach (D:1)
  5 goblins
  8 hobgoblins
  4 jackals (D:3)
  4 quokkas
  3 frilled lizards (D:3)
  7 kobolds
  7 rats
79 creatures vanquished.

Vanquished Creatures (others)
  A fungus (D:1)
  20 plants
21 creatures vanquished.

Grand Total: 100 creatures vanquished

Notes
Turn   | Place    | Note
-------+----------+-------------------------------------------
     0 | D:1      | Earthwalker the Human Conjurer began the quest for the Orb.
     0 | D:1      | Reached XP level 1. HP: 13/13 MP: 3/3
   104 | D:1      | Reached XP level 2. HP: 19/19 MP: 3/5
   470 | D:1      | Found a faded altar of an unknown god.
  1192 | D:2      | Reached XP level 3. HP: 24/24 MP: 4/6
  1275 | D:2      | Found Datwagh's Jewellery Emporium.
  1675 | D:2      | Got Weeho's Quarto of Toxicity and Clouds
  2021 | D:2      | Reached XP level 4. HP: 27/30 MP: 1/7
  2263 | D:3      | Reached skill level 5 in Conjurations
  2460 | D:3      | Noticed a phantom
  2519 | D:3      | Killed a phantom
  2520 | D:3      | Reached XP level 5. HP: 11/35 MP: 0/9
  3220 | D:3      | Reached XP level 6. HP: 41/41 MP: 4/10
  3344 | D:3      | Found an ornate altar of the Wu Jian Council.
  3518 | D:3      | Identified the ring of Maryeh {*Corrode Fly rN+++ Str+9
                  | Dex-4}
  3835 | D:4      | Found a glowing silver altar of Zin.
  3973 | D:4      | Found an iron altar of Okawaru.
  4254 | D:5      | Entered Level 5 of the Dungeon
  4259 | D:5      | Reached skill level 6 in Conjurations
  4284 | D:3      | Slain by an orc

Illustrated notes

Levels and vault maps discovered:
D:1:      denvon_arrival_planthouse, layout_loops_cross,
          shapermc_ecumenical_altar_ellora
D:2:      layout_loops_corners, serial_shops, shop, minmay_tromino_mix6
D:3:      layout_loops_ring, general_overflow_altar, kennysheep_nondescript,
          minmay_crystal_water, serial_bayou_lagoon_a, minmay_checkerbox
D:4:      layout_basic, nicolae_overflow_quartered_altars
D:5:      layout_basic, portal_sewer_entry_a, ebering_ghost_disaster_area,
          lightli_ossuary_entry_decrepit_ruins

Skill      XL: |  1  2  3  4  5  6 |
---------------+-------------------+-----
Conjurations   | 5 6 |  6.0
Spellcasting   | 3 |  3.9
Fighting       | |  0.3
Staves         | |  0.7
Dodging        | |  2.6
Stealth        | |  2.5
Unarmed Combat | |  0.2

Action                   |  1- 3 |  4- 6 || total
-------------------------+-------+-------++-------
Melee: Unarmed           |     6 |       ||     6
       Dagger            |     1 |       ||     1
       Quarterstaff      |     3 |    10 ||    13
 Cast: Magic Dart        |    63 |   126 ||   189
  Use: Scroll            |       |     4 ||     4
       Potion            |       |     1 ||     1
Armor: Robe              |     1 |     5 ||     6
Dodge: Dodged            |    11 |    48 ||    59
